cohdb
Replays
Latest Replays
All Replays
Popular Replays
Top Player Replays
Match Explorer
How It Works
Community
CoH3 Stats
Reddit
Sign in to upload your games and track your stats! →
Sign in with Steam
Match 38126472
Unlisted
Match 38126472
Overview
Messages
Build Orders
End
Selects Heavy Armor Battlegroup
Construct Section Command Post
Infantry Section
Infantry Section
Infantry Section
Construct Platoon Command Post
Selects Light Vehicle Withdraw and Refit
Selects Forward Repair Assembly
Humber Armored Car
Selects Rigorous Vehicle Training
Humber Armored Car
Light Vehicle Withdraw and Refit
Construct Company Command Post
Selects Crusader AA Medium Tank
Unlock M3 Grant Medium Tanks
M3 Grant Medium Tank
Forward Retreat Point
M3 Grant Medium Tank
Infantry Section
Selects Recon Artillery
Recon Artillery
M3 Grant Medium Tank
M3 Grant Medium Tank
Recon Artillery
Selects Churchill Black Prince Heavy Tank
Churchill Black Prince Heavy Tank
Recon Artillery
Royal Engineer Section
Recon Artillery
rebelguy12
moemoe
g3org391
7sv7jhgu
拜者为叩
Kelish
皮皮
熊猫Real tiger
0
0
Comments
sign in to comment!
No comments posted yet!